 Dungeon Crawl Stone Soup version 0.20-a0-1121-gbb42413 (webtiles) character file.

63 Hook the Conjurer (level 4, 0/27 HPs)
             Began as an Octopode Conjurer on May 10, 2017.
             Killed by divine providence
             ... invoked by an orc priest
              (13 damage)
             ... on level 3 of the Dungeon.
             The game lasted 00:08:51 (1368 turns).

Hook the Conjurer (Octopode Conjurer)               Turns: 1368, Time: 00:08:51

Health: 0/27       AC:  1    Str: 11    XL:     4   Next: 10%
Magic:  2/7        EV: 14    Int: 18    God:
Gold:   109        SH:  0    Dex: 12    Spells: 1/7 levels left

rFire    . . .     SeeInvis .   (no weapon)
rCold    . . .     Gourm    .   (no shield)
rNeg     . . .     Faith    .   (helmet restricted)
rPois    .         Spirit   .   (no amulet)
rElec    .         Reflect  .   c - +4 ring of strength
rCorr    .         Harm     .   (no ring)
MR       .....                  (no ring)
Stlth    +++.......             (no ring)
Regen    0.1/turn               (no ring)
MPRegen  0.1/turn               (no ring)
                                (no ring)
                                (no ring)

@: no status effects
A: almost no armour, stealthy swim, amphibious, 8 rings, constrict 8, camouflage
1, gelatinous body 1
a: no special abilities


You were on level 3 of the Dungeon.
You were not hungry.

You visited 1 branch of the dungeon, and saw 4 of its levels.

You collected 109 gold pieces.

Inventory:

Jewellery
 c - a +4 ring of strength (left tentacle)
Wands
 l - a wand of digging (11/24)
Scrolls
 d - a scroll of immolation {unknown}
 e - a scroll of identify {unknown}
 h - a scroll of random uselessness {unknown}
 k - a scroll of recharging {unknown}
Potions
 f - 3 potions of curing {unknown}
 g - 2 potions of lignification {unknown}
 i - a potion of mutation {unknown}
 j - a potion of ambrosia {unknown}
Books
 a - a book of Conjurations

   Spells                             Type                      Level
   a - Magic Dart                     Conjuration                  1
   b - Searing Ray                    Conjuration                  2
   c - Dazzling Spray                 Conjuration/Hexes            3
   d - Fulminant Prism                Conjuration/Hexes            4
   e - Force Lance                    Conjuration/Translocation    4
   f - Iskenderun's Mystic Blast      Conjuration                  4
Comestibles
 b - a bread ration


   Skills:
 + Level 0.2 Fighting
 * Level 2.6 Dodging
 + Level 2.9 Stealth
 + Level 0.6 Unarmed Combat
 + Level 2.0 Spellcasting
 * Level 5.0 Conjurations


You had one spell level left.
You knew the following spells:

 Your Spells              Type           Power        Failure   Level  Hunger
a - Magic Dart            Conj           ###.         2%          1    #......
b - Searing Ray           Conj           ###...       3%          2    ###....
c - Dazzling Spray        Conj/Hex       ##....       19%         3    ###....


Dungeon Overview and Level Annotations

Branches:
Dungeon (4/15)
 Temple: D:4-7

Altars:


Innate Abilities, Weirdness & Mutations

You cannot wear most types of armour.
You are very stealthy in the water. (Stealth+)
You are amphibious.
You can wear up to eight rings at the same time.
You can use your tentacles to constrict eight enemies at once.
Your skin changes colour to match your surroundings (Stealth+).
Your rubbery body absorbs attacks. (AC +1, EV +1)


Message History

The orc priest hits you with a short sword.
You tentacle-slap the orc priest but do no damage.
The orc priest is almost dead.
You constrict the orc priest, but do no damage.
The orc hits you.
The orc priest hits you but does no damage.
The orc priest looks satisfied for a moment.
You release your grip on the orc priest.
The orc priest barely misses you. The orc priest hits you with a flail.
Things that are here:
a hand axe of venom; a ring mail; an orc corpse The orc priest looks braver for a moment.
Casting: Dazzling Spray
Confirm with . or Enter, or press ? or * to list all spells.
You don't have enough magic to cast that spell.
The orc priest looks braver for a moment.
The orc priest looks satisfied for a moment.
The orc priest invokes the aid of Beogh against you.
Beogh smites you!
You die...

#...##.#.........
#......#....#...
#...o###........
#..o.......######
#......#o#.#.........
###.##.#o#.#..####### #.
#.#.#.#..# .
#.#o#.#..###### #
#.#@#...o.o.o.#
#.#.#########.#
#.#........##o#####.
#.#..#####.##.oo....
#.#..### #.#########
#......###......#
#####...)..'......#.#
#..........######.#.#
##.####...........#.####


You could see 3 orc priests and 2 orcs.

Vanquished Creatures
  A gnoll (D:1)
  An adder (D:3)
  4 leopard geckos
  5 orcs (D:3)
  2 giant cockroaches (D:1)
  2 goblins
  2 hobgoblins
  A jackal (D:1)
  5 kobolds
  A ball python (D:1)
  2 bats (D:1)
  4 frilled lizards
  7 rats
37 creatures vanquished.

Notes
Turn   | Place    | Note
-------+----------+-------------------------------------------
     0 | D:1      | Hook the Octopode Conjurer began the quest for the Orb.
     0 | D:1      | Reached XP level 1. HP: 11/11 MP: 3/3
    99 | D:1      | Reached XP level 2. HP: 15/17 MP: 1/5
   103 | D:1      | Learned a level 2 spell: Searing Ray
   447 | D:1      | Reached XP level 3. HP: 21/21 MP: 6/6
   856 | D:2      | You fall through a shaft!
  1268 | D:3      | Reached XP level 4. HP: 27/27 MP: 3/7
  1331 | D:3      | Reached skill level 5 in Conjurations
  1336 | D:3      | Learned a level 3 spell: Dazzling Spray
  1368 | D:3      | Killed from afar by an orc priest

Vault maps used:
D:1:      scummos_arrival_simple_crosswalls, st_stairs_2
D:3:      cheibrodos_pilgrimage, uniq_jessica, uniq_crazy_yiuf_cottage
D:4:      lemuel_crystal_altar, fedhas_altar_4, minmay_temple_entry_hall

Skill      XL: |  1  2  3  4 |
---------------+-------------+-----
Conjurations   | 5 |  5.0
Fighting       | |  0.2
Dodging        | |  2.6
Stealth        | |  2.9
Unarmed Combat | |  0.6
Spellcasting   | |  2.0

Action                   |  1- 3 |  4- 6 || total
-------------------------+-------+-------++-------
Melee: Dagger            |    12 |       ||    12
       Unarmed           |    44 |     4 ||    48
       Constrict         |    17 |     1 ||    18
       Tentacles         |    11 |     3 ||    14
 Cast: Magic Dart        |    19 |     8 ||    27
       Searing Ray       |     1 |       ||     1
       Dazzling Spray    |       |     1 ||     1
  Use: Scroll            |     1 |       ||     1
 Stab: Sleeping          |     5 |       ||     5
  Eat: Chunk             |     1 |     1 ||     2
Armor: Skin              |     5 |       ||     5
Dodge: Dodged            |    30 |     4 ||    34
